 Dungeon Crawl Stone Soup version 0.19.5 (webtiles) character file.

2476 Peloso the Carver (level 9, -3/78 HPs)
             Began as a Minotaur Fighter on May 11, 2017.
             Killed from afar by Joseph (31 damage)
             ... with a wand of lightning
             ... on level 7 of the Dungeon.
             The game lasted 00:13:40 (6323 turns).

Peloso the Carver (Minotaur Fighter)                Turns: 6323, Time: 00:13:40

Health: -3/78      AC: 10    Str: 27    XL:     9   Next: 27%
Magic:  8/8        EV: 10    Int:  5    God:
Gold:   247        SH: 11    Dex: 12    Spells: 0 memorised, 8 levels left

rFire  . . .     SeeInvis .     a - +1 long sword
rCold  . . .     Gourm    .     b - +0 scale mail
rNeg   . . .     Faith    .     c - +0 shield
rPois  .         Spirit   .     (helmet restricted)
rElec  .         Reflect  .     (no cloak)
rCorr  .         Harm     .     (no gloves)
MR     .....                    y - +1 pair of boots
Stlth  ..........               (no amulet)
                                (no ring)
                                (no ring)

@: mighty, drained
A: retaliatory headbutt, horns 2
a: no special abilities


You were on level 7 of the Dungeon.
You were hungry.

You visited 1 branch of the dungeon, and saw 7 of its levels.

You collected 247 gold pieces.

Inventory:

Hand Weapons
 a - a +1 long sword (weapon)
 g - a +2 short sword of draining
Armour
 b - a +0 scale mail (worn)
 c - a +0 shield (worn)
 y - a +1 pair of boots (worn)
Wands
 u - a wand of paralysis (11/24)
 x - a wand of digging (0/24)
 D - a wand of disintegration (10/24)
 E - a wand of slowing (18/48)
 I - a wand of iceblast (3/15)
 J - a wand of flame (31/48)
Scrolls
 j - 3 scrolls of remove curse
 m - a scroll of magic mapping {unknown}
 q - 3 scrolls of teleportation
 r - 3 scrolls of fear {unknown}
 A - a scroll of noise {unknown}
Potions
 e - a potion of ambrosia
 h - a potion of invisibility
 k - 5 potions of curing
 l - a potion of cancellation
 s - 3 potions of brilliance
 z - a potion of cure mutation
 C - 3 potions of agility
 H - a potion of flight
Books
 w - a book of Cantrips

   Spells                             Type                      Level
   a - Confusing Touch                Hexes                        1
   b - Animate Skeleton               Necromancy                   1
   c - Summon Small Mammal            Summoning                    1
   d - Apportation                    Translocation                1
 F - a book of Misfortune

   Spells                             Type                      Level
   a - Confusing Touch                Hexes                        1
   b - Confuse                        Hexes                        3
   c - Gell's Gravitas                Hexes/Translocation          3
   d - Petrify                        Transmutation/Earth          4
   e - Metabolic Englaciation         Hexes/Ice                    5
   f - Yara's Violent Unravelling     Hexes/Transmutation          5
Comestibles
 f - 3 bread rations
 n - 2 meat rations
 o - 3 beef jerkies
 B - 2 slices of pizza


   Skills:
 + Level 6.4(5.4) Fighting
 + Level 9.2(8.2) Long Blades
 + Level 7.5(6.4) Armour
 + Level 4.0(3.1) Dodging
 + Level 0.8(0.0) Stealth
 + Level 7.9(6.9) Shields
 + Level 0.3(0.0) Evocations


You had 8 spell levels left.
You didn't know any spells.

Dungeon Overview and Level Annotations

Branches:
Dungeon (7/15)
 Temple: D:4-7

Altars:
Ashenzari
Dithmenos
Gozag
Hepliaklqana
Makhleb
Qazlal
Ru
The Shining One

Annotations:
D:7 Joseph


Innate Abilities, Weirdness & Mutations

You reflexively headbutt those who attack you in melee.
You have a pair of horns on your head.


Message History

Your base Dodging skill increases to level 4!
You block the wight's attack. The wight barely misses you.
You slash the wight! You headbutt the wight!
You destroy the wight!
You block the wight's attack.
You slash the wight!
The wight is severely damaged.
The wight hits you with a great sword.
You feel drained. The wight hits you but does no damage.
You closely miss the wight. Your headbutt misses the wight.
The wight is severely damaged.
You block the wight's attack. x2
You slice the wight!!
You destroy the wight!
The wight hits you from afar with an enchanted halberd!
You feel drained.
Your shield prevents you from hitting Joseph.
Joseph zaps a wand.
The bolt of lightning hits you!
You die...

#..............#.##
#.#####.#.######
#.# #.......# #.#
###.###.# # #<# #.#
#.# .# #.#
##.###.##.### #.#
#...........# #.#
#..##.....#.# #.#
#..@@)....# ..#
#.###z.#### ### #
##[.# #...#
##.##l.#####.#
..............#
.##?##..[.!##.#
#............
...#....z.@##.#


You could see Joseph and a wight.

Vanquished Creatures
  Grinder (D:3)
  Prince Ribbit (D:6)
  A hippogriff (D:7)
  Sigmund (D:2)
  Duvessa (D:4)
  An orc warrior (D:5)
  An ice beast (D:6)
  A necrophage (D:5)
  2 centaurs (D:6)
  A bullfrog (D:6)
  Dowan (D:4)
  A scorpion (D:6)
  4 wights (D:7)
  A howler monkey (D:6)
  2 crimson imps (D:5)
  An orc priest (D:4)
  2 hounds
  3 jellies
  A bullfrog skeleton (D:6)
  4 iguanas
  Ijyb (D:3)
  Natasha (thrice) (D:4)
  A worker ant (D:4)
  3 orc wizards
  A hound skeleton (D:3)
  A worker ant zombie (D:5)
  Robin (D:4)
  3 gnolls (D:6)
  7 adders
  A shadow imp (D:5)
  2 adder zombies (D:6)
  3 oozes
  2 adder skeletons
  3 worms
  A dart slug (D:1)
  2 leopard geckos
  6 orcs
  A ball python (D:1)
  3 giant cockroaches
  7 hobgoblins
  11 jackals
  4 quokkas
  3 bats
  6 frilled lizards
  18 goblins
  5 kobolds
  A leopard gecko skeleton (D:6)
  A quokka zombie (D:6)
  6 rats
138 creatures vanquished.

Notes
Turn   | Place    | Note
-------+----------+-------------------------------------------
     0 | D:1      | Peloso the Minotaur Fighter began the quest for the Orb.
     0 | D:1      | Reached XP level 1. HP: 19/19 MP: 0/0
   106 | D:1      | Reached XP level 2. HP: 18/27 MP: 1/1
   634 | D:2      | Noticed Sigmund
   644 | D:2      | Killed Sigmund
   644 | D:2      | Reached skill level 3 in Long Blades
   644 | D:2      | Reached skill level 1 in Dodging
   644 | D:2      | Reached XP level 3. HP: 18/34 MP: 2/2
   644 | D:2      | Reached XP level 4. HP: 22/41 MP: 3/3
   644 | D:2      | Reached XP level 5. HP: 25/47 MP: 4/4
  1472 | D:3      | Noticed Grinder
  1487 | D:3      | Reached skill level 4 in Long Blades
  1487 | D:3      | Reached skill level 5 in Armour
  1686 | D:3      | Found a hazy altar of Hepliaklqana.
  1691 | D:3      | Reached skill level 5 in Shields
  1840 | D:3      | Paralysed by Grinder for 4 turns
  1846 | D:3      | Killed Grinder
  1846 | D:3      | Reached skill level 5 in Long Blades
  1846 | D:3      | Reached XP level 6. HP: 5/53 MP: 5/5
  2385 | D:3      | Noticed Ijyb
  2394 | D:3      | Killed Ijyb
  2394 | D:3      | Reached XP level 7. HP: 18/60 MP: 6/6
  2857 | D:4      | Found a glowing golden altar of the Shining One.
  2857 | D:4      | Found a stormy altar of Qazlal.
  2866 | D:4      | Noticed Robin
  2893 | D:4      | Killed Robin
  2900 | D:4      | Reached skill level 5 in Fighting
  3253 | D:4      | Noticed Duvessa
  3254 | D:4      | Found a shadowy altar of Dithmenos.
  3256 | D:4      | Noticed Dowan
  3275 | D:4      | Killed Duvessa
  3288 | D:4      | Killed Dowan
  3587 | D:4      | Found a sacrificial altar of Ru.
  3588 | D:4      | Found a burning altar of Makhleb.
  3721 | D:4      | Noticed Natasha
  3730 | D:4      | Killed Natasha
  3737 | D:4      | Noticed Natasha
  3742 | D:4      | Killed Natasha
  3746 | D:4      | Noticed Natasha
  3749 | D:4      | Reached skill level 6 in Long Blades
  3755 | D:4      | Killed Natasha
  3969 | D:5      | Entered Level 5 of the Dungeon
  3987 | D:5      | Reached XP level 8. HP: 68/68 MP: 7/7
  4110 | D:5      | Found an opulent altar of Gozag.
  4807 | D:6      | Reached skill level 7 in Long Blades
  5245 | D:6      | Reached skill level 8 in Long Blades
  5270 | D:6      | Noticed Prince Ribbit
  5695 | D:6      | Found a shattered altar of Ashenzari.
  6006 | D:6      | Killed Prince Ribbit
  6006 | D:6      | Reached XP level 9. HP: 30/75 MP: 8/8
  6299 | D:7      | Noticed Joseph
  6309 | D:7      | Reached skill level 9 in Long Blades
  6323 | D:7      | Killed from afar by Joseph

Skill      XL: |  1  2  3  4  5  6  7  8  9 |
---------------+----------------------------+-----
Armour         | 4 5 6 7 |  7.5
Shields        | 4 5 6 7 |  7.9
Fighting       | 4 5 6 |  6.4
Long Blades    | 3 5 6 8 9 |  9.2
Dodging        | 1 2 3 4 |  4.0
Stealth        | |  0.8
Evocations     | |  0.3

Action                   |  1- 3 |  4- 6 |  7- 9 || total
-------------------------+-------+-------+-------++-------
Melee: Long sword        |    46 |   106 |   303 ||   455
       Headbutt          |     6 |    18 |    57 ||    81
Evoke: Wand              |       |       |     3 ||     3
  Use: Potion            |     1 |     1 |     3 ||     5
       Scroll            |       |       |    13 ||    13
  Eat: Chunk             |       |     5 |    10 ||    15
       Royal jelly       |       |       |     1 ||     1
Armor: Scale mail        |    22 |    47 |    83 ||   152
Dodge: Dodged            |    18 |    44 |    91 ||   153
Block: Shield            |    37 |    63 |   157 ||   257
       Rpst.: Long sword |     6 |    13 |    22 ||    41
